[Event "*** MasterClass Titled Tuesday Blitz"]
[Site "Chess.com"]
[Date "2017.08.01"]
[Round "2"]
[White "Bryakin_Mikhail"]
[Black "HaryKane"]
[Result "1-0"]
[WhiteElo "2531"]
[BlackElo "2270"]
[TimeControl "180+2"]
[EndTime "13:24:17 PDT"]
[Termination "Bryakin_Mikhail won by resignation"]

1. d4 e6 2. c4 Nf6 3. Nf3 c5 4. g3 cxd4 5. Nxd4 d5 6. Bg2 Bb4+ 7. Bd2 Bxd2+ 8. Nxd2 O-O 9. O-O e5 10. N4f3 Nc6 11. cxd5 Nxd5 12. Nc4 Re8 13. Nfxe5 Nxe5 14. Qxd5 Nxc4 15. Qxc4 Qb6 16. b3 Be6 17. Qh4 Rad8 18.
Be4 h6 19. Bd3 Bd5 20. Rac1 Qd6 21. Qd4 Qe6 22. Qxa7 Qh3 23. f3 h5 24. Qa4 g5 25.
Qb4 g4 26. Be4 h4 27. Bxd5 Rxd5 28. Qxg4+ Qxg4 29. fxg4 Rxe2 30. Rf2 Rxf2 31. Kxf2 Rd2+ 32. Kf3 hxg3 33. Kxg3 Rxa2 34. Rc7 b5 35. Rb7 Ra5 36. h4 Kg7 37. Kf4 Kg6 38. b4 Ra1 39. Rxb5 Rf1+ 40. Kg3 Rb1 41. Rb6+ Kg7 42. h5 Kh7 43. Kh4 Kg7 44.
Kg5 f6+ 45. Rxf6 Rxb4 46. h6+ Kh7 47. Rf7+ Kh8 48. Ra7 Rb6 49. Kh5 Rc6 50. g5 Rb6 51. Ra8+ Kh7 52. g6+ Rxg6 53. Ra7+ Rg7 54. Rxg7+ 1-0

[Event "*** MasterClass Titled Tuesday Blitz"]
[Site "Chess.com"]
[Date "2017.08.01"]
[Round "2"]
[White "gui_borba"]
[Black "Chess64Surfer"]
[Result "1-0"]
[WhiteElo "2123"]
[BlackElo "2017"]
[TimeControl "180+2"]
[EndTime "13:24:18 PDT"]
[Termination "gui_borba won by resignation"]

1. Nf3 d6 2. d4 g6 3. c4 Bg7 4. Nc3 Bg4 5. Bf4 Nd7 6. Bg3 c5 7.
d5 Bxc3+ 8. bxc3 Bxf3 9. exf3 Ngf6 10. Bd3 Qa5 11. Qd2 Nh5 12. O-O Nxg3 13. fxg3 Ne5 14.
Rfe1 O-O 15. Bf1 Qa4 16. Re4 Rfe8 17. Rh4 h5 18. g4 Kg7 19. gxh5 Rh8 20. h6+ Kh7 21. Re1 Rae8 22. Rhe4 Qd7 23. f4 Ng4 24. Qe2 Nxh6 25. Rxe7 Rxe7 26. Qxe7 Qf5 27. Qxd6 Ng4 28. Re7 Kg7 29. h3 Qh5 30. hxg4 Qh4 31. Qe5+ Qf6 32.
Qxf6+ Kxf6 33. Rxb7 Rh4 34. Be2 Rh8 35. Rxa7 Re8 36.
Kf2 Re4 37. g3 Re7 38. Rxe7 Kxe7 39. Ke3 Kd6 40. Ke4 f6 41. Kd3 g5 42. Kc2 Kc7 43.
Kb3 Kb6 44. Ka4 1-0

[Event "*** MasterClass Titled Tuesday Blitz"]
[Site "Chess.com"]
[Date "2017.08.01"]
[Round "2"]
[White "Lord_Neezy"]
[Black "AndrewMcStone"]
[Result "1-0"]
[WhiteElo "2164"]
[BlackElo "2069"]
[TimeControl "180+2"]
[EndTime "13:24:21 PDT"]
[Termination "Lord_Neezy won by resignation"]

1. e4 Nc6 2. Nf3 d6 3. h3 Nf6 4.
Nc3 g6 5. d4 Bg7 6. g4 d5 7.
exd5 Nxd5 8. Bg2 O-O 9. Ne2 Re8 10. O-O Nf6 11. Ng3 Be6 12. b3 Qd7 13. Bb2 Bd5 14.
c4 Bxf3 15. Bxf3 Rad8 16. d5 Nb4 17. Qd2 Na6 18. g5 Nh5 19. Nxh5 gxh5 20. Bxg7 Kxg7 21.
Qc3+ Kg8 22. Bxh5 Nc5 23. Bg4 Qd6 24. f4 Ne4 25. Qe3 f5 26. Bxf5 Qc5 27. Be6+ Kg7 28.
Qxc5 Nxc5 29. Rae1 Nxe6 30. Rxe6 Rd6 31. Rfe1 Rxe6 32.
Rxe6 Kf7 33. Kg2 Rd8 34. Kg3 a5 35. h4 a4 36. f5 axb3 37. axb3 Ra8 38. h5 Ra3 39.
g6+ hxg6 40. fxg6+ Kf8 41. Re3 c6 42. dxc6 bxc6 43. Kg4 e5 44. h6 Ra1 45. Rf3+ Kg8 46.
Rd3 Rg1+ 47. Kf5 Rf1+ 48. Kxe5 Re1+ 49. Kf5 Rf1+ 50. Ke4 Rg1 51. Rd6 1-0

[Event "*** MasterClass Titled Tuesday Blitz"]
[Site "Chess.com"]
[Date "2017.08.01"]
[Round "2"]
[White "ka1ser64"]
[Black "Giraffe_Chess"]
[Result "1-0"]
[WhiteElo "2366"]
[BlackElo "2194"]
[TimeControl "180+2"]
[EndTime "13:24:22 PDT"]
[Termination "ka1ser64 won on time"]

1. d4 Nf6 2. c4 e6 3. Nc3 Bb4 4. e3 O-O 5. Ne2 d5 6. a3 Be7 7. Nf4 Re8 8. Bd3 c6 9. O-O Nbd7 10.
cxd5 exd5 11. Bd2 Nf8 12. f3 Ne6 13. Nfe2 b6 14. Rc1 Bb7 15. Bb1 c5 16. Be1 a6 17.
Bf2 Rc8 18. Ba2 h6 19. Qd2 b5 20. dxc5 Bxc5 21. Rfd1 Qe7 22. Nxd5 Nxd5 23. Bxd5 Red8 24. e4 Bxf2+ 25. Kxf2 Rxc1 26. Rxc1 Bxd5 27. exd5 Qa7+ 28. Kf1 Nc7 29. d6 Ne8 30. Rc6 Qb7 31. Qa5 Rxd6 32. Rxd6 Nxd6 33. Qd8+ Kh7 34. Qxd6 Qc8 35. Qd3+ g6 36.
Nc3 Qc6 37. Qd5 Qc7 38. g3 Qe7 39. Ne4 Qc7 40. Qc5 Qd8 41. Qd6 Qc8 42. Qe5 Qc1+ 43.
Kg2 Qc2+ 44. Kh3 Qd1 45. Qf6 Qf1+ 46. Kh4 g5+ 47. Kg4 Qc4 48. h4 gxh4 49. Kxh4 Qd5 50. Nd6 1-0

[Event "*** MasterClass Titled Tuesday Blitz"]
[Site "Chess.com"]
[Date "2017.08.01"]
[Round "2"]
[White "GM_dmitrij"]
[Black "Tesla37"]
[Result "0-1"]
[WhiteElo "2465"]
[BlackElo "2679"]
[TimeControl "180+2"]
[EndTime "13:24:33 PDT"]
[Termination "Tesla37 won by resignation"]

1. e4 c5 2. Nf3 Nc6 3. d4 cxd4 4. Nxd4 Qb6 5. Nb3 Nf6 6. Nc3 e6 7. Qe2 d6 8. Be3 Qc7 9. g4 a6 10. g5 Nd7 11. O-O-O b5 12. f4 Bb7 13. h4 b4 14. Na4 Be7 15. Kb1 Rc8 16. Bg2 Na5 17. Nxa5 Qxa5 18. b3 O-O 19. h5 Bc6 20. Nb2 Qb5 21.
Qd2 Qb7 22. Qd4 e5 23. fxe5 dxe5 24. Qd2 Rfd8 25. g6 Bxe4 26. gxf7+ Kf8 27. Bxe4 Qxe4 28. h6 g6 29. Qe2 Nf6 30. Nc4 Kxf7 31. Rxd8 Rxd8 32.
Rf1 Kg8 33. Qf2 Rf8 34. Qd2 Nd5 35. Rxf8+ Bxf8 36. Bg5 Nc3+ 37. Kb2 Qh1 38. Qc1 Qxc1+ 39. Bxc1 e4 40. a3 Nd1+ 41. Kb1 bxa3 42. Bxa3 Bxh6 43. Bc1 Nc3+ 44. Kb2 Bg7 45. Ka3 h5 46. Bg5 Nd5 47. b4 Bf8 48. Kb3 Bxb4 49. Ne5 Be7 50. Bc1 Kg7 51. c4 Nc7 52. Nd7 h4 53. Bf4 Ne6 54. Be5+ Kh6 55. Kc3 h3 56. Kd2 Bg5+ 57. Ke2 Bf4 58.
Bxf4+ Nxf4+ 59. Kf2 h2 0-1

[Event "*** MasterClass Titled Tuesday Blitz"]
[Site "Chess.com"]
[Date "2017.08.01"]
[Round "2"]
[White "MaestroASK"]
[Black "IIIlllII1llIl"]
[Result "0-1"]
[WhiteElo "2463"]
[BlackElo "2624"]
[TimeControl "180+2"]
[EndTime "13:24:35 PDT"]
[Termination "IIIlllII1llIl won by resignation"]

1. d4 Nf6 2. Bg5 e6 3. e3 c5 4. c3 Be7 5. Nd2 cxd4 6. cxd4 b6 7. Rc1 Bb7 8. Ngf3 Nc6 9. Bd3 Nb4 10. Bb1 Ba6 11. Bxf6 gxf6 12. Ne4 Rc8 13. Rxc8 Qxc8 14. a3 Nd5 15. Qc2 Qb7 16. Qd2 f5 17. Nc3 Nxc3 18. Qxc3 O-O 19. Bd3 Rc8 20. Bxa6 Rxc3 21. Bxb7 Rc1+ 22.
Kd2 Rxh1 23. Bc8 d6 24. d5 exd5 25. Bxf5 Bf6 26. b3 Ra1 27. a4 Rf1 28. Ke2 Ra1 29.
Kd2 h6 30. g3 Kf8 31. h4 Ke7 32. Bc2 a6 33. Bd3 Ra2+ 34. Bc2 b5 35. axb5 axb5 36.
Nd4 Bxd4 37. exd4 b4 38. Kc1 Ra1+ 39. Bb1 Ra8 40. Kd2 Rc8 41. Bc2 Rc3 42. Bd1 f5 43. Ke2 Kf6 44. Kd2 f4 45. g4 Rh3 46.
h5 Kg5 47. f3 Rh2+ 48. Be2 Kh4 49. Kd3 Kg3 50. Bd1 Kf2 51. Kd2 Kf1+ 52. Kc1 Ke1 53. Bc2 Kf2 54. Bd1 Ke3 55. Kb1 Kxd4 56. Bc2 Kc3 57.
Bf5 d4 0-1

[Event "*** MasterClass Titled Tuesday Blitz"]
[Site "Chess.com"]
[Date "2017.08.01"]
[Round "2"]
[White "swayamsm"]
[Black "Gordima"]
[Result "0-1"]
[WhiteElo "2421"]
[BlackElo "2603"]
[TimeControl "180+2"]
[EndTime "13:24:36 PDT"]
[Termination "Gordima won by resignation"]

1. d4 Nf6 2. Nf3 g6 3. c4 Bg7 4. Nc3 O-O 5. e4 d6 6. Be2 Bg4 7. O-O Nfd7 8. Be3 Nc6 9. d5 Bxf3 10. Bxf3 Na5 11. Be2 Nb6 12. c5 Nbc4 13. Qc1 Nxe3 14.
Qxe3 dxc5 15. Qxc5 b6 16. Qe3 c6 17. Rad1 cxd5 18.
exd5 Rc8 19. Rfe1 Bxc3 20. bxc3 Qd6 21. Ba6 Rc7 22. h4 h5 23. Rd4 Rd8 24. Re4 Qxd5 25. Rxe7 Rxe7 26. Qxe7 Qd7 27. Qe5 Qd6 28. Qe4 Qf6 29.
c4 Rd2 30. Qe3 Rd4 31. g3 Nxc4 32. Bxc4 Rxc4 33. Qe8+ Kg7 34. Qe2 Rc8 35. Kg2 Qc6+ 36. Kg1 Rc7 37. Qe5+ Kh7 38. Rd1 Rc8 39. Rd6 Qc1+ 40.
Kg2 Qc7 41. Qd5 Qc4 42. Qxc4 Rxc4 43. Rd7 Ra4 44. Rxf7+ Kg8 45. Rc7 Rxa2 46. Kf3 b5 47.
Rb7 a6 48. Ke3 Ra4 49. f3 b4 50. Kf4 b3+ 51. Kg5 Ra5+ 52. Kxg6 Rb5 53. Rg7+ Kf8 54. Rf7+ Ke8 0-1

[Event "*** MasterClass Titled Tuesday Blitz"]
[Site "Chess.com"]
[Date "2017.08.01"]
[Round "2"]
[White "1stSecond"]
[Black "Fandorine"]
[Result "1-0"]
[WhiteElo "2470"]
[BlackElo "2653"]
[TimeControl "180+2"]
[EndTime "13:24:41 PDT"]
[Termination "1stSecond won by resignation"]

1. d4 Nf6 2. c4 e6 3. Nf3 c5 4. d5 exd5 5. cxd5 g6 6. Nc3 d6 7.
Nd2 Bg7 8. e4 O-O 9. Be2 Re8 10.
O-O Na6 11. Re1 Nc7 12. h3 a6 13. a4 Bd7 14. Nc4 Nxe4 15. Nxe4 Rxe4 16. Nxd6 Rd4 17. Qb3 Nxd5 18. Bf3 Bc6 19. Nxb7 Qf8 20. Na5 c4 21. Qa3 Qxa3 22. Rxa3 Bd7 23. Nxc4 Re8 24. Rxe8+ Bxe8 25. b3 Nb4 26. Bd2 Bf8 27. Ra1 Rd3 28. Rb1 Rd8 29. Bc3 Rb8 30. Be5 Rd8 31. Rd1 Rxd1+ 32. Bxd1 Bd7 33.
Be2 Be6 34. Kf1 Bc5 35. Ke1 Kf8 36. g4 Ke7 37. f4 f6 38. Bc3 Bd5 39. Kd2 Bg2 40.
h4 Bd5 41. h5 Ke6 42. Bd1 gxh5 43. f5+ Ke7 44. gxh5 Bxc4 45. bxc4 Nc6 46. Kd3 a5 47. Ke4 Nb4 48. h6 Kf7 49. Bh5+ Ke7 50. Bg6 1-0

[Event "*** MasterClass Titled Tuesday Blitz"]
[Site "Chess.com"]
[Date "2017.08.01"]
[Round "2"]
[White "Ilja_Semjonovs"]
[Black "B-man"]
[Result "1-0"]
[WhiteElo "2411"]
[BlackElo "2381"]
[TimeControl "180+2"]
[EndTime "13:24:42 PDT"]
[Termination "Ilja_Semjonovs won by resignation"]

1. e4 c5 2. Nf3 Nc6 3. Nc3 g6 4. d4 cxd4 5. Nxd4 Bg7 6. Be3 Nf6 7. Bc4 O-O 8. Bb3 d5 9. exd5 Nb4 10. Nde2 Bg4 11. f3 Bf5 12. a3 Na6 13. O-O Rc8 14. Qd2 Nc5 15. Ba2 h5 16. Rad1 h4 17. h3 Nh5 18.
Bd4 e5 19. dxe6 Nxe6 20. Bxg7 Qxd2 21. Rxd2 Kxg7 22. Bxe6 Bxe6 23. Rfd1 a6 24. Rd4 g5 25.
R1d2 Rfe8 26. Ne4 Rc4 27. Nxg5 Rxd4 28. Rxd4 Bf5 29. Ne4 Nf6 30. N2c3 b5 31. Nxf6 Kxf6 32. Rxh4 Kg5 33. Rd4 Bxc2 34. Ne4+ Kf4 35. Nd6+ Ke3 36. Nxe8 Kxd4 37. Nc7 Kc4 38. Nxa6 Kb3 39. Nc7 Bd3 40. h4 Kxb2 41. Kf2 Kxa3 42. Ke3 Bf1 43. Nd5 b4 44. h5 b3 45. Nc3 b2 46. g4 Kb3 47. Kd4 Bc4 48. h6 Be6 49. h7 1-0

[Event "*** MasterClass Titled Tuesday Blitz"]
[Site "Chess.com"]
[Date "2017.08.01"]
[Round "2"]
[White "djogrodek1"]
[Black "TryingToGetBetter94"]
[Result "0-1"]
[WhiteElo "2393"]
[BlackElo "2319"]
[TimeControl "180+2"]
[EndTime "13:24:43 PDT"]
[Termination "TryingToGetBetter94 won by resignation"]

1. e4 e5 2. Nf3 Nc6 3. Bc4 Nf6 4. d3 Bc5 5. O-O O-O 6. Re1 a6 7. c3 d6 8. h3 Na5 9. b4 Nxc4 10. bxc5 Na5 11.
cxd6 cxd6 12. Nbd2 Re8 13. Nf1 d5 14. exd5 Qxd5 15.
c4 Qd6 16. Bb2 Nc6 17. Qe2 Bf5 18. Rad1 Rad8 19. Nxe5 Nd4 20. Bxd4 Qxd4 21. Qe3 Re6 22. Ng3 Bxd3 23. Rxd3 Qxd3 24. Nxd3 Rxe3 25. Rxe3 h5 26. Nf5 g6 27. Ne7+ Kg7 28. Nf4 Rd4 29. Nfd5 Rxc4 30. Nxf6 Kxf6 31. Nd5+ Kg7 32. Re7 Rd4 33. Ne3 b5 34. Kh2 Ra4 35. Nd5 Rxa2 36. Kg3 a5 37.
Rb7 b4 38. Nc7 Ra3+ 39. f3 Rb3 40. Ne8+ Kf8 41. Nd6 Rd3 42. Nxf7 b3 43. Ne5 Rc3 44. Nxg6+ Ke8 45. Kf4 a4 46. Ke5 a3 47. Ke6 Re3+ 48.
Ne5 Rxe5+ 49. Kxe5 a2 50. Ke6 Kd8 51. Rxb3 a1=Q 52.
Rb5 Qe1+ 53. Re5 Qg3 54. Rxh5 Qg6+ 55. Ke5 Qxh5+ 56. Kf4 Qh4+ 57. g4 Qxh3 58. Kg5 Qxf3 0-1

[Event "*** MasterClass Titled Tuesday Blitz"]
[Site "Chess.com"]
[Date "2017.08.01"]
[Round "2"]
[White "GrigorGrigorov"]
[Black "Astaneh"]
[Result "1-0"]
[WhiteElo "2614"]
[BlackElo "2427"]
[TimeControl "180+2"]
[EndTime "13:24:44 PDT"]
[Termination "GrigorGrigorov won by resignation"]

1. d4 Nf6 2. c4 g6 3. Nf3 Bg7 4. g3 O-O 5. Bg2 c5 6. O-O cxd4 7. Nxd4 Nc6 8. Nc3 d6 9. Nxc6 bxc6 10. Bxc6 Rb8 11. Bg2 Qa5 12. Qc2 Bf5 13. e4 Be6 14. Bd2 Bxc4 15. Nd5 Qa6 16. Nc7 Qc6 17. e5 Qxc7 18.
exf6 Bxf6 19. b3 Bxa1 20. Rxa1 Rfc8 21. Rc1 d5 22. Qd1 Qd6 23. bxc4 Rxc4 24. Rb1 Rbc8 25. h4 h5 26. Bf4 e5 27. Bxd5 Rd8 28. Bg5 Rd4 29.
Bxf7+ Kxf7 30. Qf3+ Kg8 31. Bxd8 Qxd8 32. Rb7 Rd1+ 33.
Kh2 Qd5 34. Rb8+ Kh7 35. Rb7+ Kg8 36. Qxd5+ Rxd5 37. Rxa7 Rd2 38. Kg2 e4 39. Kf1 Rb2 40. Ke1 Kf8 41. a4 e3 42. fxe3 Rg2 43. a5 Rxg3 44. Kf2 Rg4 45. a6 Ra4 46. Kf3 Ke8 47.
e4 Kd8 48. e5 Kc8 49. e6 Kd8 50. e7+ Ke8 51. Ke3 Rxh4 52. Rb7 Ra4 53. a7 Kf7 54. e8=Q+ Kxe8 55. Rb8+ Kf7 56. a8=Q Rxa8 57. Rxa8 1-0

[Event "*** MasterClass Titled Tuesday Blitz"]
[Site "Chess.com"]
[Date "2017.08.01"]
[Round "2"]
[White "DavidMarkosyan"]
[Black "pKiLz5Rn9b"]
[Result "1-0"]
[WhiteElo "2503"]
[BlackElo "2597"]
[TimeControl "180+2"]
[EndTime "13:24:50 PDT"]
[Termination "DavidMarkosyan won by resignation"]

1. Nf3 Nf6 2. c4 e6 3. Nc3 Bb4 4. d4 O-O 5. Bd2 d6 6. g3 Nc6 7.
Bg2 Bxc3 8. Bxc3 Ne4 9. Qc2 Nxc3 10. Qxc3 a5 11. O-O Qe7 12. e4 e5 13. d5 Nb8 14.
Rfc1 Nd7 15. Ne1 Nc5 16. Nd3 b6 17. b3 f5 18. Nxc5 bxc5 19. exf5 Bxf5 20. Re1 Qf6 21. Re3 Bg6 22. Rf1 a4 23. b4 cxb4 24. Qxb4 Rfb8 25.
Qc3 a3 26. Qc1 Rb4 27. c5 dxc5 28. Qxc5 Qd6 29. Qc3 Rb2 30. Rxe5 Rc2 31. Qe3 Qc5 32. d6 Qxe3 33. Rxe3 Rb8 34. dxc7 Rxc7 35. Rxa3 h6 36. Ra8 Rxa8 37. Bxa8 Bf7 38. Be4 Bxa2 39. Ra1 Be6 40. h4 Kf7 41. h5 Kf6 42. Ra6 Ke5 43. f3 Bc4 44. Ra5+ Kd4 45. Kf2 Be6 46. Ra4+ Ke5 47. Ke3 Rc3+ 48. Bd3 Kf6 49. Kd4 Rb3 50. Ra6 Kf7 51.
Rxe6 Rxd3+ 52. Kxd3 Kxe6 53. Ke4 Kf6 54. f4 Ke6 55. g4 Kd6 56. Kf5 Ke7 57. Kg6 Kf8 58. f5 Kg8 59. f6 gxf6 60. Kxf6 Kh7 61. Kf7 Kh8 62. Kg6 Kg8 63. Kxh6 Kh8 64. Kg6 Kg8 65.
g5 Kh8 66. Kf7 Kh7 67. g6+ 1-0

[Event "*** MasterClass Titled Tuesday Blitz"]
[Site "Chess.com"]
[Date "2017.08.01"]
[Round "2"]
[White "abubakrtagelsir"]
[Black "Jadro9"]
[Result "0-1"]
[WhiteElo "2294"]
[BlackElo "2357"]
[TimeControl "180+2"]
[EndTime "13:24:51 PDT"]
[Termination "Jadro9 won on time"]

1. e4 e5 2. Nf3 Nc6 3. d4 exd4 4. Bc4 Nf6 5. e5 d5 6. Bb5 Ne4 7.
Nxd4 Bc5 8. Be3 Bd7 9. Bxc6 bxc6 10. O-O Qe7 11. f3 Nd6 12. f4 Nc4 13. Bc1 O-O 14. b3 Nb6 15. c3 f6 16. Re1 fxe5 17.
fxe5 Rae8 18. Nd2 Bf5 19. Qe2 Nd7 20. Nf3 Bg4 21. Kh1 Nxe5 22. Qxe5 Qxe5 23. Nxe5 Rxe5 24. Be3 Rfe8 25. Bf2 Rxe1+ 26. Rxe1 Rxe1+ 27. Bxe1 Bd7 28. Kg1 Bd6 29. Nc2 c5 30. Bf2 Bf5 31. Ne3 Bb1 32. a3 Be4 33. g3 c6 34. Kf1 Be5 35. Be1 d4 36. Ng4 Bd6 37. Ke2 Bc2 38. b4 cxb4 39. axb4 c5 40. Kd2 Bf5 41. bxc5 Bxc5 42. Ne5 Bb6 43.
Ke2 dxc3 44. Bxc3 Bc7 45. Nc6 a6 46. Ne7+ Kf7 47. Nxf5 g6 48. Nh6+ Ke6 49. Kf3 Kd5 50. Nf7 Kc4 51. Bg7 a5 52. Ng5 a4 53. Nxh7 a3 54. Ng5 Bb6 55. Ke4 Ba5 56. Nf3 a2 57. Ne5+ Kb3 58. Nd3 Kc2 59. Ke3 Bc3 60. Ne1+ Kb3 61.
Bxc3 Kxc3 0-1

[Event "*** MasterClass Titled Tuesday Blitz"]
[Site "Chess.com"]
[Date "2017.08.01"]
[Round "2"]
[White "TomasKapitanchuk"]
[Black "guilty93"]
[Result "0-1"]
[WhiteElo "2193"]
[BlackElo "2382"]
[TimeControl "180+2"]
[EndTime "13:25:00 PDT"]
[Termination "guilty93 won on time"]

1. e4 e6 2. d3 d5 3. Nd2 c5 4.
Ngf3 Nc6 5. g3 Bd6 6. Bg2 Nge7 7. O-O O-O 8. Re1 Ng6 9. b3 b6 10. Bb2 Bb7 11. c4 d4 12. a3 f5 13. exf5 exf5 14. Qe2 Kh8 15. Rad1 a5 16. Qf1 Qd7 17. Ng5 Rae8 18.
Bd5 Nce5 19. f4 Ng4 20. Rxe8 Qxe8 21. Bxb7 Qe3+ 22. Kg2 Bxf4 23. Ngf3 Qe7 24. Kh1 Bxd2 25. Bd5 Be3 26. Kg2 Bc1 27. Bxc1 f4 28. h3 Ne3+ 29.
Bxe3 fxe3 30. Qe2 Ne5 31. Rf1 Nd7 32. Nh4 Nf6 33. Nf5 Qe5 34. Nh4 g6 35. Bf3 Kg7 36. Rb1 g5 37. b4 gxh4 38. gxh4 axb4 39. axb4 Rg8 40. bxc5 bxc5 41. Rb7+ Kh6+ 42. Kf1 Rg3 43. Bg2 Qf4+ 44. Kg1 Qxh4 45. Rb6 Rg6 46. Qf1 Qg5 47. Rc6 Nh5 48. Rxg6+ Qxg6 49. Qf3 Qg5 50. Qc6+ Nf6 51. Kf1 Qf4+ 52. Bf3 Kg5 53. Qxc5+ Kh4 54. Ke2 Kg3 55. Qc6 Kh2 56. Qe6 Kg1 57. h4 Qxh4 58. Kd1 Kf2 59. Qf5 Kg1 60. Be2 Qf2 61. Qh3 Qg2 62.
Qxg2+ Kxg2 63. c5 Nd5 64. c6 Kf2 65. Bg4 Nc7 66. Kc2 e2 67. Bxe2 Kxe2 0-1

[Event "*** MasterClass Titled Tuesday Blitz"]
[Site "Chess.com"]
[Date "2017.08.01"]
[Round "2"]
[White "penguingm1"]
[Black "H16"]
[Result "0-1"]
[WhiteElo "2589"]
[BlackElo "2296"]
[TimeControl "180+2"]
[EndTime "13:25:01 PDT"]
[Termination "H16 won by resignation"]

1. d4 Nf6 2. c4 g6 3. f3 Nc6 4. d5 Ne5 5. e4 d6 6. Nc3 Bg7 7. f4 Ned7 8. Nh3 O-O 9. Be2 Nc5 10. Nf2 e6 11. O-O Re8 12. Bf3 exd5 13. cxd5 a5 14. Re1 h5 15. Be3 b6 16. Bd4 Ba6 17. e5 Nfd7 18. e6 Nf6 19. exf7+ Kxf7 20. Nh3 Nh7 21. Bxc5 bxc5 22. Re6 Rb8 23. Qc2 Bd4+ 24. Kh1 Nf8 25. Ng5+ Kg7 26. Rae1 Qd7 27. f5 Bf6 28. Nge4 Nxe6 29.
dxe6 Qd8 30. Nxf6 Qxf6 31. Nd5 Qxf5 32. Qc3+ Kh6 33. Nxc7 Re7 34. Qe3+ g5 35. Nd5 Ree8 36. e7 Bb7 37. Nc7 Bxf3 38. gxf3 Qf6 39. h4 Kg6 40. hxg5 Qf5 41. Kg1 Qxg5+ 42. Qxg5+ Kxg5 43. Nxe8 Rxe8 44. Re6 h4 45. Kg2 Kf4 46. Re4+ Kf5 47. Kh3 d5 48. Re1 d4 49. Kxh4 Kf6 50. Rc1 Rxe7 51. Rxc5 Rd7 52. Rc2 d3 53. Rd2 Ke5 54.
Kg3 Kd4 55. Kf2 Rh7 56. Kg3 Rg7+ 57. Kf2 Rh7 58. Kg3 Ke3 59. Rd1 Rg7+ 60. Kh4 Ke2 61. Rh1 Rh7+ 0-1

[Event "*** MasterClass Titled Tuesday Blitz"]
[Site "Chess.com"]
[Date "2017.08.01"]
[Round "2"]
[White "dretch"]
[Black "BilodeauA"]
[Result "1-0"]
[WhiteElo "2513"]
[BlackElo "2596"]
[TimeControl "180+2"]
[EndTime "13:25:05 PDT"]
[Termination "dretch won by checkmate"]

1. d4 d5 2. c4 dxc4 3. e3 e5 4.
Bxc4 Nc6 5. Nf3 e4 6. Nfd2 Qg5 7. Nxe4 Qxg2 8. Ng3 Nf6 9. Bf1 Qd5 10. Nc3 Bb4 11.
Bd2 Qd8 12. Bc4 O-O 13. Qb3 Qe7 14. O-O-O Na5 15. Qc2 Nxc4 16. Rhg1 g6 17. Be1 Bg4 18. Rd3 Nd6 19. h3 Bf3 20. e4 Bxe4 21. Ncxe4 Ndxe4 22. Re3 Rfe8 23. f3 Nd5 24. Rxe4 Qg5+ 25. Bd2 Bxd2+ 26. Qxd2 Qxd2+ 27. Kxd2 Kf8 28. a3 f6 29. Rc1 c6 30.
Ne2 f5 31. Rxe8+ Rxe8 32. Rc5 Ke7 33. Nc1 Kd6 34. Nd3 Re7 35. b4 a6 36. Ne5 Nf4 37.
h4 Ne6 38. Nc4+ Kd7 39. Nb6+ Kd8 40. Rc3 Nf4 41. Nc4 Re2+ 42. Kd1 Rh2 43. Na5 Kc7 44. Re3 Nd5 45. Re8 Rxh4 46. Rf8 Rxd4+ 47. Ke1 Nf4 48.
Kf2 Rd7 49. Kg3 Ne6 50. Re8 Nd4 51. Nc4 Ne2+ 52. Rxe2 Kd8 53. Ne5 Rd1 54. Kf4 Kc7 55.
Rh2 Ra1 56. Rxh7+ Kb8 57. Nc4 Rf1 58. Na5 g5+ 59. Kxg5 Rxf3 60. a4 Ra3 61. Rxb7+ Kc8 62. Kxf5 Rxa4 63. Rb6 Kd7 64. Ke5 Ra1 65. Rb7+ Kc8 66.
Ra7 c5 67. Kd6 Rd1+ 68. Kxc5 Kb8 69. Nc6+ Kc8 70. Kb6 Rd7 71. Ra8# 1-0

[Event "*** MasterClass Titled Tuesday Blitz"]
[Site "Chess.com"]
[Date "2017.08.01"]
[Round "2"]
[White "stepanosinovsky"]
[Black "vpantev"]
[Result "1-0"]
[WhiteElo "2288"]
[BlackElo "2506"]
[TimeControl "180+2"]
[EndTime "13:25:06 PDT"]
[Termination "stepanosinovsky won by resignation"]

1. e4 c6 2. d3 d5 3. Nd2 Nf6 4. Ngf3 Bg4 5. h3 Bxf3 6. Qxf3 Nbd7 7. g3 e6 8. Bg2 Be7 9. O-O O-O 10. Re1 Qc7 11. Qe2 dxe4 12. dxe4 e5 13. Nc4 Rfd8 14.
Ne3 g6 15. Ng4 Nc5 16. Nxf6+ Bxf6 17. Be3 Ne6 18. c3 Kg7 19. h4 h6 20. Bh3 Qe7 21. Red1 Nc5 22. Qc4 Na6 23. a4 Qc7 24. b4 Be7 25. Bg4 h5 26. Be2 Nb8 27. Rxd8 Bxd8 28. Rd1 Nd7 29. Rd2 Nf8 30. Bd1 b6 31. Bb3 Bf6 32. Qe2 Rd8 33. Qd1 Rxd2 34. Qxd2 Qd8 35. Bh6+ Kg8 36. Qxd8 Bxd8 37. Kf1 Nd7 38. Ke2 Be7 39.
Kd3 a6 40. Be3 b5 41. Bd1 Kf8 42. a5 Bd6 43. Bb3 Ke7 44. Bg5+ f6 45. Be3 Nf8 46. Bh6 Nd7 47. Bg8 c5 48. Bd2 Kd8 49. Bf7 Nf8 50. f3 Kc7 51. g4 hxg4 52. fxg4 Kd8 53.
h5 gxh5 54. gxh5 Nd7 55. h6 Bf8 56. Bd5 Kc7 57. Ke2 Nb8 58. Kf3 Nc6 59. Bxc6 Kxc6 60. Kg4 Kd7 61. Kf5 cxb4 62. cxb4 Ke7 63. Kg6 Bxh6 64.
Bxh6 Ke6 1-0

[Event "*** MasterClass Titled Tuesday Blitz"]
[Site "Chess.com"]
[Date "2017.08.01"]
[Round "2"]
[White "livestrong04"]
[Black "Bengalas"]
[Result "0-1"]
[WhiteElo "2356"]
[BlackElo "2451"]
[TimeControl "180+2"]
[EndTime "13:25:19 PDT"]
[Termination "Bengalas won by resignation"]

1. e4 c5 2. c3 Nf6 3. e5 Nd5 4. d4 cxd4 5. Nf3 e6 6. cxd4 d6 7. Bc4 Nc6 8. O-O Be7 9. Bd2 O-O 10. Nc3 Nxc3 11. Bxc3 d5 12. Bd3 Nb4 13. Bb1 a5 14. a3 Nc6 15. Qd3 g6 16. h4 b6 17. Re1 Ba6 18. Qe3 Bxh4 19. g3 Be7 20. Kg2 f5 21.
exf6 Rxf6 22. Ng5 Bc8 23. Nxh7 Kxh7 24. Rh1+ Kg8 25. Qh6 Kf7 26. Bd3 Ke8 27. Qg7 Rf8 28. b4 axb4 29. axb4 Rxa1 30. Rxa1 Kd7 31. Ra8 Rg8 32. Qh7 Rh8 33. Qxg6 Qg8 34. b5 Nd8 35. f4 Qxg6 36. Bxg6 Bb7 37. Ra7 Kc7 38. Kf3 Bd6 39. Bd2 Rg8 40. Bd3 Kb8 41. Ra1 Bc8 42. Rh1 Nb7 43.
Rh7 Na5 44. g4 Nc4 45. Bc1 Bb7 46. Rh6 Bc8 47. Rh7 Bb7 48. Rh6 Bc8 49. g5 Rf8 50. g6 Bc7 51. f5 exf5 52. Bg5 Nd6 53. Be7 Rg8 54. g7 Ne8 55. Bf8 Nxg7 56. Be7 Ne8 57. Bc2 f4 58. Bg6 Ng7 59. Bf7 Nf5 60. Bxg8 Nxh6 61.
Bxd5 Nf5 62. Ke4 Nxe7 0-1

[Event "*** MasterClass Titled Tuesday Blitz"]
[Site "Chess.com"]
[Date "2017.08.01"]
[Round "2"]
[White "IamSchrodingersCat"]
[Black "Witik"]
[Result "1/2-1/2"]
[WhiteElo "2425"]
[BlackElo "2569"]
[TimeControl "180+2"]
[EndTime "13:25:26 PDT"]
[Termination "Game drawn by repetition"]

1. e4 c6 2. Nc3 d5 3. Nf3 Bg4 4.
h3 Bxf3 5. Qxf3 Nf6 6. Be2 e6 7. O-O Bc5 8. Qg3 O-O 9. e5 Nfd7 10. Rd1 Bd4 11. d3 Nxe5 12. Qf4 c5 13. Nb5 Ng6 14. Qc7 Nc6 15. Qxb7 Qc8 16. Qxc8 Rfxc8 17. c3 Be5 18.
Na3 Bf4 19. g3 Bxc1 20. Raxc1 Nge5 21. d4 Nd7 22. dxc5 Nxc5 23. Bf3 g5 24. c4 Ne5 25.
Bg2 Ned3 26. Rc2 d4 27. Bxa8 Rxa8 28. Rcd2 Ne5 29. Kg2 Nc6 30. Rxd4 Nxd4 31. Rxd4 Rb8 32. b3 h6 33. Rd6 Kg7 34. Nb5 a6 35. Nd4 Kf6 36. Rc6 Ne4 37. Rxa6 Rd8 38. Nf3 h5 39. g4 hxg4 40. hxg4 Rd1 41. Ng1 Rd2 42. Nh3 Ke5 43. Ra7 f5 44. gxf5 g4 45. fxe6 gxh3+ 46. Kxh3 Kxe6 47. f4 Kf5 48. Rf7+ Nf6 49. c5 Rxa2 50. b4 Ra3+ 51. Kg2 Rc3 52. Rf8 Kg6 53. Rc8 Nd5 54. b5 Kf5 55. b6 Nxf4+ 56. Kg1 Rb3 57. Rb8 Kg4 58. b7 Kf3 59. c6 Rb1+ 60.
Kh2 Rb2+ 61. Kh1 Rb1+ 62. Kh2 Rb2+ 63. Kh1 Rb1+ 64. Kh2 Rb2+ 1/2-1/2

[Event "*** MasterClass Titled Tuesday Blitz"]
[Site "Chess.com"]
[Date "2017.08.01"]
[Round "2"]
[White "Alohamora11"]
[Black "CookiesAndIceCream"]
[Result "1-0"]
[WhiteElo "2108"]
[BlackElo "2130"]
[TimeControl "180+2"]
[EndTime "13:25:27 PDT"]
[Termination "Alohamora11 won by resignation"]

1. e4 e6 2. d4 d5 3. Nc3 Bb4 4. e5 c5 5. a3 Bxc3+ 6. bxc3 Qa5 7. Ne2 Nc6 8. h4 cxd4 9. Bd2 dxc3 10. Bxc3 Qa4 11.
h5 h6 12. g3 Qe4 13. Rh4 Qh7 14. Nf4 Nge7 15. Bd3 g6 16. hxg6 fxg6 17. Nxg6 Nxg6 18.
Qh5 Ne7 19. Bb4 Kd8 20. Bxe7+ Qxe7 21. Qxg6 Bd7 22. Rxh6 Rxh6 23. Qxh6 Kc7 24. Qe3 Rh8 25.
Ke2 Kb8 26. Qd4 Be8 27. Qb4 Qc7 28. Qd6 Qxd6 29. exd6 Kc8 30. Rb1 Bc6 31. Bb5 Kd7 32. Bxc6+ Kxc6 33. g4 Rh7 34. g5 Kxd6 35. f4 Rf7 36.
Rf1 b6 37. Kf3 e5 38. Kg4 exf4 39. Rxf4 Rc7 40. g6 Rxc2 41. Kg5 Rg2+ 42. Rg4 Rc2 43. g7 Rc8 44. Kh6 b5 45. Rf4 Ke7 46. Rf5 d4 47.
Rd5 Rc6+ 48. Kh7 Rc8 49. Rxd4 a5 50. Re4+ Kd6 51. Rf4 Rc7 52. Kh8 Rxg7 53. Kxg7 Kc5 54. Kf6 b4 55. axb4+ axb4 56. Ke5 b3 57. Ke4 Kb4 58.
Kd3+ Ka3 59. Kc3 Ka2 60. Rb4 b2 61. Rxb2+ Ka1 62. Rb6 Ka2 63. Rb7 Ka1 64. Kc2 1-0